 Dungeon Crawl Stone Soup version 0.29-a0-468-ge57f7f99b4 (webtiles) character file.

Game seed: 12062657633920924251

968 Heh the Slicer (level 7, -1/59 HPs)
             Began as a Minotaur Gladiator on May 21, 2022.
             Was a Follower of Dithmenos.
             Slain by an iguana (9 damage)
             ... on level 5 of the Dungeon.
             The game lasted 00:05:40 (4143 turns).

Heh the Slicer (Minotaur Gladiator)                 Turns: 4143, Time: 00:05:41

Health: -1/59      AC:  0    Str: 20    XL:     7   Next: 93%
Magic:  6/6        EV: 12    Int:  5    God:    Dithmenos [*.....]
Gold:   38         SH:  0    Dex: 14    Spells: 6/6 levels left

rFire   . . .      SeeInvis .   D - +0 double sword
rCold   . . .      Faith    .   (no shield)
rNeg    . . .      Spirit   .   g - +1 leather armour {rPois}
rPois   +          Reflect  .   c - +0 hat
rElec   .          Harm     .   (no cloak)
rCorr   .          Rampage  .   (no gloves)
Will    .....                   (no boots)
Stlth   +.........              (no amulet)
HPRegen 0.19/turn               n - ring of flight
MPRegen 0.10/turn               (no ring)

@: brilliant, corroded, flying, wreathed by umbra
A: horns 2, retaliatory headbutt, fangs 1, strong 1, wild magic 1, MP-powered
wands
a: Renounce Religion


You were on level 5 of the Dungeon.
You worshipped Dithmenos.
Dithmenos was aware of your devotion.
You visited 1 branch of the dungeon, and saw 5 of its levels.

You collected 279 gold pieces.
You spent 241 gold pieces at shops.

Inventory:

Hand Weapons
 a - a +0 rapier
 l - a +1 halberd of flaming
 y - a +0 whip of venom
 D - a +0 double sword (weapon)
Missiles
 d - 3 throwing nets (quivered)
 e - a javelin
 o - 6 atropa-tipped darts
 E - 7 poisoned darts
Armour
 b - a +0 leather armour
 c - a +0 hat (worn)
 g - a +1 leather armour of poison resistance (worn)
Jewellery
 i - a ring of wizardry
 n - a ring of flight (left hand)
 r - a ring of see invisible
Wands
 x - a wand of flame (23)
Scrolls
 f - 4 scrolls of teleportation
 h - 2 scrolls of fog {unknown}
 j - a scroll of magic mapping
 k - 2 scrolls of vulnerability {unknown}
 m - 2 scrolls of noise
 v - 3 scrolls of amnesia {unknown}
 w - a scroll of fear
 A - a scroll of enchant armour
 B - a scroll of summoning
 F - 2 scrolls of blinking
 G - a scroll of identify
Potions
 q - 2 potions of magic
 s - a potion of might
 t - a potion of curing
 u - a potion of mutation
 z - a potion of cancellation
 C - a potion of degeneration {unknown}


   Skills:
 - Level 4.0 Fighting
 - Level 8.6(9.3) Short Blades
 + Level 5.5(8.2) Long Blades
 - Level 2.0 Throwing
 - Level 3.2 Dodging


You had 6 spell levels left.
You didn't know any spells.
Your spell library contained the following spells:

 Spells                   Type           Power      Damage    Failure   Level
 Poisonous Vapours        Pois/Air       0%         N/A       75%         2
 Static Discharge         Conj/Air       0%         N/A       75%         2
 Confusing Touch          Hex            0%         N/A       92%         3
 Summon Guardian Golem    Hex/Summ       0%         N/A       92%         3
 Summon Forest            Summ/Tloc      0%         N/A       100%        5
 Yara's Violent Unravell  Hex/Tmut       0%         3d3       100%        5
 Enfeeble                 Hex            0%         N/A       100%        7


Dungeon Overview and Level Annotations

Branches:
Dungeon (5/15)
 Temple: D:4-7

Altars:
Dithmenos
Ru
Vehumet

Shops:
D:5 ?


Innate Abilities, Weirdness & Mutations

You have a pair of horns on your head.
You reflexively headbutt those who attack you in melee.
You have very sharp teeth.
Your muscles are strong. (Str +2)
Your spells are a little harder to cast, but a little more powerful.
You expend magic power (3 MP) to strengthen your wands.


Message History

The phantom is lightly damaged.
The phantom closely misses you.
You barely miss the phantom. You headbutt the phantom.
The phantom is moderately damaged.
The phantom hits you.
You slash the phantom! Your headbutt misses the phantom.
The phantom is severely damaged.
The phantom closely misses you.
You hit the phantom but do no damage. Your headbutt misses the phantom.
You bite the phantom, but do no damage.
The phantom is severely damaged.
The phantom closely misses you.
You closely miss the phantom. Your bite misses the phantom.
The phantom is heavily damaged.
The phantom barely misses you.
You closely miss the phantom.
The phantom is heavily damaged.
The phantom hits you!
* * * LOW HITPOINT WARNING * * *
The phantom blinks!
You blink.
Found a falchion.
The phantom misses you.
You completely miss the phantom.
The phantom is heavily damaged.
The phantom hits you.
* * * LOW HITPOINT WARNING * * *
The phantom blinks!
You blink.
It was a potion of magic.
Magic courses through your body. The phantom hits you.
* * * LOW HITPOINT WARNING * * *
The iguana bites you!
* * * LOW HITPOINT WARNING * * *
It was a potion of brilliance.
You feel clever all of a sudden. The phantom closely misses you.
The iguana barely misses you. You furiously retaliate!
You headbutt the iguana, but do no damage.
It was a potion of curing.
You feel better. The phantom closely misses you. You furiously retaliate!
You headbutt the phantom, but do no damage.
The iguana bites you!
You die...

##.# # ##........## #.#
# ..#. ##.......####.# #
#...########.##....#.# #
##..!...## #..####...# .
##.......>## ##...##...<
.
#..........######..#....
#. #..(........>.#
##.#....
#)......l..##.####..####
#.....W@...##.)...#..#
#..........######....#
#...........## ####.#
###......>...# ###
#..........#
#..........#
#..........#
#..........#
##........##


You could see a phantom and an iguana.

Vanquished Creatures
  Grinder (D:3)
  3 black bears (D:5)
  A gnoll shaman (D:4)
  A jelly (D:5)
  4 hounds
  An orc priest (D:4)
  An iguana (D:4)
  An orc wizard (D:4)
  8 adders
  6 gnolls
  A shadow imp (D:5)
  2 worms
  2 dart slugs
  9 orcs
  9 endoplasms
  5 giant cockroaches
  4 goblins
  7 hobgoblins
  4 kobolds
  8 quokkas
  7 ball pythons
  4 bats
  4 frilled lizards
  10 rats
103 creatures vanquished.

Notes
Turn   | Place    | Note
-------+----------+-------------------------------------------
     0 | D:1      | Heh the Minotaur Gladiator began the quest for the Orb.
     0 | D:1      | Reached XP level 1. HP: 18/18 MP: 0/0
   278 | D:1      | Reached XP level 2. HP: 25/25 MP: 1/1
   423 | D:1      | Reached skill level 4 in Short Blades
   497 | D:1      | Got the Guide on the Creative Birds
   850 | D:2      | Reached XP level 3. HP: 30/31 MP: 2/2
  1012 | D:2      | Found a sacrificial altar of Ru.
  1653 | D:3      | Reached XP level 4. HP: 19/38 MP: 3/3
  1944 | D:3      | Reached skill level 5 in Short Blades
  2234 | D:3      | Noticed Grinder
  2239 | D:3      | Paralysed by Grinder for 3 turns
  2244 | D:3      | Paralysed by Grinder for 5 turns
  2253 | D:3      | Killed Grinder
  2254 | D:3      | Reached skill level 7 in Short Blades
  2254 | D:3      | Reached XP level 5. HP: 24/46 MP: 4/4
  2254 | D:3      | Reached XP level 6. HP: 27/52 MP: 5/5
  2491 | D:3      | Found a shadowy altar of Dithmenos.
  2524 | D:3      | Became a worshipper of Dithmenos the Shadowed
  2794 | D:4      | Found a radiant altar of Vehumet.
  3135 | D:4      | Reached skill level 8 in Short Blades
  3332 | D:4      | Reached XP level 7. HP: 47/59 MP: 6/6
  3453 | D:4      | Reached * piety under Dithmenos
  3637 | D:5      | Entered Level 5 of the Dungeon
  3693 | D:5      | Found Peschar's Magic Scroll Shoppe.
  3703 | D:5      | Bought a scroll of teleportation for 33 gold pieces
  3703 | D:5      | Bought a scroll of blinking for 82 gold pieces
  3703 | D:5      | Bought a scroll of identify for 22 gold pieces
  3710 | D:5      | Bought a scroll of blinking for 82 gold pieces
  3710 | D:5      | Bought a scroll of identify for 22 gold pieces
  3711 | D:5      | Gained mutation: You expend magic power (3 MP) to
                  | strengthen your wands. [potion of mutation]
  3711 | D:5      | Gained mutation: Your muscles are strong. (Str +2) [potion
                  | of mutation]
  3711 | D:5      | Gained mutation: You have very sharp teeth. [potion of
                  | mutation]
  3711 | D:5      | Gained mutation: Your spells are a little harder to cast,
                  | but a little more powerful. [potion of mutation]
  3953 | D:5      | Reached skill level 5 in Long Blades
  4141 | D:5      | HP: 1/59 [iguana (9)]
  4143 | D:5      | Slain by an iguana

Illustrated notes

Levels and vault maps discovered:
D:1:      ncdulo_wetmaze, layout_basic, serial_aquarium, aquarium_bridge_square
          [aquarium_subvault_window, aquarium_subvault_bridge,
          aquarium_subvault_bridge, aquarium_subvault_wall],
          aquarium_window_fake, aquarium_window_corridor_3, aquarium_window_1,
          aquarium_window_fake, aquarium_view_2a, aquarium_balcony_5b
D:2:      layout_basic, basic_altar, uniq_crazy_yiuf_cottage
D:3:      layout_basic, mainiacjoe_overflow_chevrons, serial_glass,
          glass_columns_a, glass_columns_a, glass_columns_b, glass_columns_a,
          glass_columns_a, glass_columns_b, uniq_grinder
D:4:      layout_basic, vehumet_altar_wand_db
D:5:      layout_rooms, serial_shops, shop, shop

Skill      XL: |  1  2  3  4  5  6  7 |
---------------+----------------------+-----
Short Blades   | 4 7 8 |  8.6
Fighting       | 3 4 |  4.0
Long Blades    | 5 |  5.5
Throwing       | |  2.0
Dodging        | |  3.2

Action                   |  1- 3 |  4- 6 |  7- 9 || total
-------------------------+-------+-------+-------++-------
Melee: Rapier            |    90 |   108 |     5 ||   203
       Headbutt          |    11 |    27 |     9 ||    47
       Punch             |     1 |     1 |       ||     2
       Double sword      |       |       |    49 ||    49
       Bite              |       |       |     4 ||     4
  Use: Scroll            |       |       |     8 ||     8
       Potion            |       |       |     4 ||     4
Armor: Leather armour    |    20 |    17 |    18 ||    55
Dodge: Dodged            |    65 |    58 |    54 ||   177

Table legend: (Time is in decaauts)
 A = Elapsed time spent in this place.
 B = Non-inter-level travel time spent in this place.
 C = Inter-level travel time spent in this place.
 D = Time resting spent in this place.
 E = Time spent auto-exploring this place.
 F = Levels seen in this place.
 G = Mean time per level.
                   A        B        C        D        E       F      G
               +--------+--------+--------+--------+--------+-----+--------+
         Total |   4139 |   4024 |    115 |    537 |   2872 |   5 |  827.8 |
       Dungeon |   4139 |   4024 |    115 |    537 |   2872 |   5 |  827.8 |
               +--------+--------+--------+--------+--------+-----+--------+

Top non-repeatable levels by time:
     D:3: 1138 daAuts
     D:2: 868 daAuts
     D:4: 846 daAuts
     D:1: 772 daAuts
     D:5: 512 daAuts
